 Dungeon Crawl Stone Soup version 0.30-a0-857-gcaf70739d4 (webtiles) character file.

Game seed: 17472208547382802198

2856 cforsyth the Thaumaturge (level 9, 0/43 (45) HPs)
             Began as a Deep Elf Earth Elementalist on Mar 6, 2023.
             Was a Follower of Vehumet.
             Killed from afar by an orc sorcerer (12 damage)
             ... with a bolt of negative energy
             ... in a bailey.
             The game lasted 00:10:30 (7285 turns).

cforsyth the Thaumaturge (DEEE)                     Turns: 7285, Time: 00:10:30

HP:   0/43 (45)     AC: 11    Str:  5    XL:     9   Next: 46%
MP:   23/27         EV: 12    Int: 25    God:    Vehumet [*.....]
Gold: 433           SH:  0    Dex: 15    Spells: 31/32 levels left

rFire   . . .      SeeInvis .    (no weapon)
rCold   . . .      Faith    .    (no shield)
rNeg    + . .      Spirit   .    a - +0 robe
rPois   .          Reflect  .    o - +0 helmet
rElec   .          Rampage  .    p - +0 cloak
rCorr   .                        B - +2 pair of gloves
Will    .....                    (no boots)
Stlth   ++                       t - amulet of the acrobat
HPRegen 0.27/turn                f - +4 ring of protection
MPRegen 0.20/turn                z - ring of positive energy

@: lightly drained
A: no striking features
a: Renounce Religion


You were in a bailey.
You worshipped Vehumet.
Vehumet was aware of your devotion.
You visited 2 branches of the dungeon, and saw 8 of its levels.
You also visited: Bailey.

You collected 433 gold pieces.

Inventory:

Missiles
 y - a throwing net
Armour
 a - a +0 robe (worn)
 o - a +0 helmet (worn)
 p - a +0 cloak (worn)
 B - a +2 pair of gloves (worn)
Jewellery
 d - an amulet of guardian spirit
 f - a +4 ring of protection (left hand)
 k - a +6 ring of strength
 t - an amulet of the acrobat (around neck)
 z - a ring of positive energy (right hand)
Wands
 v - a wand of flame (25)
Scrolls
 e - 2 scrolls of vulnerability
 g - a scroll of acquirement
 i - a scroll of poison
 q - a scroll of immolation
 s - a scroll of teleportation
Potions
 b - 2 potions of magic
 c - 3 potions of might
 h - 4 potions of curing
 l - 2 potions of resistance
 m - a potion of ambrosia
 r - a potion of brilliance {unknown}
 w - 4 potions of flight
 x - a potion of heal wounds {unknown}
 A - a potion of lignification
 D - a potion of berserk rage {unknown}


   Skills:
 - Level 2.4 Dodging
 - Level 2.4 Stealth
 + Level 12.3 Spellcasting
 - Level 1.1 Transmutations
 + Level 10.7 Earth Magic


You had 31 spell levels left.
You knew the following spells:

 Your Spells              Type           Power      Damage    Failure   Level
a - Sandblast             Erth           100%       2d20      1%          1

Your spell library contained the following spells:

 Spells                   Type           Power      Damage    Failure   Level
 Shock                    Conj/Air       60%        1d6       3%          1
 Passwall                 Tmut/Erth      37%        N/A       1%          2
 Stone Arrow              Conj/Erth      84%        3d12      1%          3
 Lee's Rapid Deconstruct  Erth           31%        3d16*     1%          5
 Beastly Appendage        Tmut           42%        N/A       2%          1
 Magic Dart               Conj           60%        1d6       3%          1
 Wereblood                Tmut           21%        N/A       3%          2
 Petrify                  Tmut/Erth      45%        N/A       3%          4
 Blink                    Tloc           30%        N/A       6%          2
 Searing Ray              Conj           30%        2d5       6%          2
 Spider Form              Tmut/Pois      18%        N/A       10%         3
 Kindle Blastsparks       Fire/Tloc/Air  30%        2d12      12%         3
 Fulminant Prism          Conj/Hex       7%         3d7       36%         4
 Iskenderun's Mystic Bla  Conj/Tloc      15%        2d5       36%         4
 Manifold Assault         Tloc           15%        N/A       36%         4
 Storm Form               Tmut/Air       9%         N/A       100%        7


Dungeon Overview and Level Annotations

Branches:
Dungeon (7/15)             Temple (1/1) D:6          Bailey (1/1)

Altars:
Ashenzari
Cheibriados
Dithmenos
Elyvilon
Fedhas
Gozag
Hepliaklqana
Kikubaaqudgha
Makhleb
Nemelex Xobeh
Okawaru
Qazlal
Trog
Vehumet
Zin
The Shining One

Shops:
D:2 ?   D:4 !


Message History

Casting: Sandblast (safe; 1% risk of failure)
Confirm with . or Enter, or press ? or * to list all spells.
Aiming: Sandblast (safe; 1% risk of failure)
Press: ? - help, Shift-Dir - straight line, f - orc sorcerer
Aim: an orc sorcerer, wielding a +0 war axe and wearing a +0 scale mail (84% to hit)
The blast of sand misses the orc sorcerer.
Casting: Sandblast (safe; 1% risk of failure)
Confirm with . or Enter, or press ? or * to list all spells.
Aiming: Sandblast (safe; 1% risk of failure)
Press: ? - help, Shift-Dir - straight line, f/p - orc sorcerer
Aim: an orc sorcerer, wielding a +0 war axe and wearing a +0 scale mail (84% to hit)
The blast of sand hits the orc sorcerer!
The orc sorcerer is moderately wounded.
The orc sorcerer gestures at you while chanting.
The bolt of negative energy misses you. The orc sorcerer closely misses you.
Casting: Sandblast (safe; 1% risk of failure)
Confirm with . or Enter, or press ? or * to list all spells.
Aiming: Sandblast (safe; 1% risk of failure)
Press: ? - help, Shift-Dir - straight line, f/p - orc sorcerer
Aim: an orc sorcerer, wielding a +0 war axe and wearing a +0 scale mail (moderately wounded, 84% to hit)
The blast of sand misses the orc sorcerer.
Your surroundings seem slightly different.
Unknown command.
Casting: Sandblast (safe; 1% risk of failure)
Confirm with . or Enter, or press ? or * to list all spells.
Aiming: Sandblast (safe; 1% risk of failure)
Press: ? - help, Shift-Dir - straight line, f/p - orc sorcerer
Aim: an orc sorcerer, wielding a +0 war axe and wearing a +0 scale mail (moderately wounded, 84% to hit)
The blast of sand misses the orc sorcerer.
The orc sorcerer mumbles some strange words.
Casting: Sandblast (safe; 1% risk of failure)
Confirm with . or Enter, or press ? or * to list all spells.
Aiming: Sandblast (safe; 1% risk of failure)
Press: ? - help, Shift-Dir - straight line, f/p - orc sorcerer
Aim: an orc sorcerer, wielding a +0 war axe and wearing a +0 scale mail (moderately wounded, 84% to hit)
The blast of sand hits the orc sorcerer but does no damage.
The orc sorcerer is moderately wounded.
The orc sorcerer casts a spell at you. The bolt of negative energy hits you!
You partially resist.
You feel drained.
You die...

...'..⌠..##K._.'.K).3.§.∩~≈≈≈≈≈#
...'[....##....#..8.8§.#.~≈≈≈≈≈#
≈~.#.....##... #########)~≈≈≈≈≈#
≈~.#''#####.. #..#.~≈≈≈≈≈#
≈~.#......#. #))#)~≈≈≈≈≈#
≈~.#......# +))#)~≈≈≈≈≈#
≈######.[.##############.#≈≈≈≈≈#
≈#....#.8[8.8.+.4...#....#≈≈≈≈≈#
≈#....#..))...#.@o..'[...#≈≈≈≈≈#
≈#'#..###############..#'#≈≈≈≈≈#
≈#.#.)'.............'..#.# ≈≈≈≈#
≈######~~~~~~~~~~~~~###### ≈≈≈#
≈≈≈≈≈≈≈≈≈≈≈≈≈≈≈≈≈≈≈≈≈≈≈≈
≈≈≈≈≈≈≈≈≈≈≈≈≈≈≈≈≈≈≈≈≈≈≈≈≈
≈≈≈≈≈≈≈≈≈≈≈≈≈≈≈≈≈≈≈≈≈≈≈≈≈≈
≈≈≈≈≈≈≈≈≈≈≈≈≈≈≈≈≈≈≈≈≈≈≈≈≈≈
≈≈≈≈≈≈≈≈≈≈≈≈≈≈≈≈≈≈≈≈≈≈≈≈≈≈


You could see an orange demon (summoned) and an orc sorcerer.

Vanquished Creatures
  Grinder (D:4)
  Menkaure (D:4)
  A black bear (D:5)
  11 orc warriors
  A sky beast (D:6)
  An ogre (D:3)
  A centaur (D:4)
  2 bullfrogs
  2 scorpions
  3 wights (D:7)
  An electric eel (Bailey)
  A jelly (D:6)
  2 hounds (D:6)
  4 orc priests
  A gnoll bouda (D:5)
  3 iguanas
  Natasha (thrice) (D:2)
  4 orc wizards
  A sleepcap (D:6)
  10 gnolls
  3 adders
  A white imp (D:7)
  2 ufetubi
  4 worms
  A dart slug (D:4)
  17 orcs
  7 endoplasms
  2 giant cockroaches (D:2)
  12 goblins
  8 hobgoblins
  3 jackals (D:3)
  5 kobolds
  4 quokkas
  7 ball pythons
  3 bats
  A frilled lizard (D:3)
  5 rats
139 creatures vanquished.

Vanquished Creatures (others)
  A minotaur (D:1)
  A draconian (D:1)
  2 octopodes (D:1)
  A gargoyle (D:1)
  A spriggan (D:1)
  A formicid (D:1)
  A demigod (D:1)
  2 ogres (D:1)
  A tengu (D:1)
  A mummy (D:1)
  A gnoll (D:1)
  An orc (D:1)
  A kobold (D:1)
  A fungus (D:7)
  13 tentacles (D:1)
29 creatures vanquished.

Grand Total: 168 creatures vanquished

Notes
Turn   | Place    | Note
-------+----------+-------------------------------------------
     0 | D:1      | cforsyth the Deep Elf Earth Elementalist began the quest
                  | for the Orb.
     0 | D:1      | Reached XP level 1. HP: 10/10 MP: 6/6
     2 | D:1      | Noticed an ogre
     2 | D:1      | Noticed an octopode
     2 | D:1      | Noticed a gargoyle
     2 | D:1      | Noticed an octopode
     2 | D:1      | Noticed a minotaur
     2 | D:1      | Noticed a kraken
     2 | D:1      | Noticed a tengu
     2 | D:1      | Noticed an ogre
     2 | D:1      | Noticed a demigod
     2 | D:1      | Noticed a formicid
     2 | D:1      | Noticed a draconian
     2 | D:1      | Noticed a spriggan
     4 | D:1      | Killed an octopode
     5 | D:1      | Killed an ogre
     9 | D:1      | Killed a gargoyle
    11 | D:1      | Killed a demigod
    11 | D:1      | Killed an ogre
    11 | D:1      | Killed a tengu
    13 | D:1      | Killed a formicid
    17 | D:1      | Killed an octopode
    21 | D:1      | Killed a draconian
    22 | D:1      | Killed a spriggan
    24 | D:1      | Killed a minotaur
   337 | D:1      | Reached XP level 2. HP: 15/15 MP: 5/8
   903 | D:2      | Reached skill level 4 in Spellcasting
   903 | D:2      | Reached XP level 3. HP: 15/19 MP: 3/10
  1075 | D:2      | Noticed an eye of devastation
  1078 | D:2      | Found a faded altar of an unknown god.
  1079 | D:2      | Noticed a golden eye
  1079 | D:2      | Noticed an eye of devastation
  1079 | D:2      | Noticed a shining eye
  1532 | D:2      | Found Giuf's Magic Scroll Shoppe.
  1639 | D:2      | Noticed Natasha
  1644 | D:2      | Killed Natasha
  1645 | D:2      | Reached XP level 4. HP: 20/24 MP: 7/12
  1669 | D:2      | Noticed Natasha
  1671 | D:2      | Killed Natasha
  1672 | D:2      | Reached skill level 5 in Spellcasting
  2158 | D:2      | Noticed Natasha
  2162 | D:2      | Killed Natasha
  2485 | D:2      | Found a faded altar of an unknown god.
  2941 | D:3      | Found a sparkling altar of Nemelex Xobeh.
  3001 | D:3      | Reached skill level 5 in Earth Magic
  3102 | D:3      | Noticed an ogre
  3105 | D:3      | Killed an ogre
  3106 | D:3      | Reached skill level 6 in Spellcasting
  3106 | D:3      | Reached XP level 5. HP: 18/28 MP: 10/15
  4030 | D:4      | Noticed a centaur
  4036 | D:4      | Killed a centaur
  4037 | D:4      | Reached XP level 6. HP: 9/32 MP: 11/17
  4172 | D:4      | Noticed Grinder
  4174 | D:4      | Paralysed by Grinder for 3 turns
  4187 | D:4      | Killed Grinder
  4188 | D:4      | Reached skill level 7 in Spellcasting
  4229 | D:4      | Reached XP level 7. HP: 27/36 MP: 16/20
  4236 | D:4      | Noticed Menkaure
  4375 | D:4      | Reached skill level 8 in Spellcasting
  4378 | D:4      | Killed Menkaure
  4501 | D:4      | Found Xocedet's Distillery.
  4749 | D:5      | Entered Level 5 of the Dungeon
  4855 | D:5      | Reached skill level 9 in Spellcasting
  4855 | D:5      | Reached XP level 8. HP: 41/41 MP: 17/23
  5543 | D:5      | Found an ancient bone altar of Kikubaaqudgha.
  5782 | D:6      | Reached skill level 10 in Spellcasting
  6068 | D:6      | Found a blossoming altar of Fedhas.
  6068 | D:6      | Found a glowing silver altar of Zin.
  6209 | D:6      | Found a staircase to the Ecumenical Temple.
  6292 | Temple   | Entered the Ecumenical Temple
  6330 | Temple   | Became a worshipper of Vehumet
  6421 | D:7      | Reached skill level 11 in Spellcasting
  6499 | D:7      | Found a flagged portal.
  6563 | Bailey   | Entered a bailey
  6642 | Bailey   | Reached XP level 9. HP: 45/45 MP: 21/26
  6737 | Bailey   | Reached skill level 10 in Earth Magic
  6810 | Bailey   | Reached * piety under Vehumet
  6810 | Bailey   | Offered knowledge of Shock by Vehumet.
  6903 | Bailey   | Reached skill level 12 in Spellcasting
  7082 | Bailey   | Found an iron altar of Okawaru.
  7082 | Bailey   | Noticed an orc sorcerer
  7082 | Bailey   | Noticed a kobold demonologist
  7231 | Bailey   | Noticed a smoke demon
  7285 | Bailey   | Noticed an orange demon
  7285 | Bailey   | Killed from afar by an orc sorcerer

Illustrated notes

Levels and vault maps discovered:
D:1:      nicolae_arrival_kraken_aquarium_b, layout_loops_ring
D:2:      layout_basic, serial_shops, shop,
          hellmonk_ecumenical_altar_watching_god, uniq_natasha
D:3:      layout_loops_corners, nemelex_xobeh_ov_fountains_minmay
D:4:      layout_loops_ring, serial_shops, shop, dreamdust_princess_corridor,
          minmay_misc_feat_secret_circle, uniq_menkaure, uniq_grinder
D:5:      layout_basic, kiku_gazebo_pond_becter, st_stairs_9
D:6:      layout_cave_pools, gammafunk_temple_overflow_wave,
          minmay_temple_entry_nine_rooms, nicolae_figureground_sparkle
D:7:      layout_loops_ring, enter_bailey_2, chequers_arboretum,
          kennysheep_generic_room_16, uniq_duvessa, uniq_crazy_yiuf_cottage
Temple:   nicolae_temple_two_arcs
Bailey:   bailey_axe_of_yendor_kennysheep, bailey

Skill      XL: |  1  2  3  4  5  6  7  8  9 |
---------------+----------------------------+-----
Spellcasting   | 4 6 7 9 11 12 | 12.3
Earth Magic    | 4 5 6 7 9 10 | 10.7
Dodging        | |  2.4
Stealth        | |  2.4
Transmutations | |  1.1

Action                     |  1- 3 |  4- 6 |  7- 9 || total
---------------------------+-------+-------+-------++-------
  Melee: Unarmed           |     1 |       |       ||     1
   Cast: Sandblast         |    40 |    48 |   141 ||   229
    Use: Scroll            |       |       |    16 ||    16
         Potion            |       |       |     1 ||     1
   Stab: Sleeping          |     1 |       |       ||     1
 Armour: Robe              |     7 |     3 |    11 ||    21
         Skin              |       |       |    10 ||    10
  Dodge: Dodged            |    15 |     7 |    17 ||    39

Table legend: (Time is in decaauts)
 A = Elapsed time spent in this place.
 B = Non-inter-level travel time spent in this place.
 C = Inter-level travel time spent in this place.
 D = Time resting spent in this place.
 E = Time spent auto-exploring this place.
 F = Levels seen in this place.
 G = Mean time per level.
                   A        B        C        D        E       F      G
               +--------+--------+--------+--------+--------+-----+--------+
         Total |   7398 |   7057 |    341 |    118 |   5983 |   9 |  822.0 |
       Dungeon |   6594 |   6263 |    331 |     65 |   5476 |   7 |  942.0 |
        Temple |     48 |     38 |     10 |      0 |     25 |   1 |   48.0 |
        Bailey |    755 |    755 |      0 |     52 |    482 |   1 |  755.0 |
               +--------+--------+--------+--------+--------+-----+--------+

Top non-repeatable levels by time:
     D:2: 2023 daAuts
     D:3: 1119 daAuts
     D:5: 911 daAuts
     D:4: 835 daAuts
     D:1: 823 daAuts
  Bailey: 755 daAuts
     D:6: 703 daAuts
     D:7: 177 daAuts
  Temple: 48 daAuts
